 Dungeon Sprint DCSS version 0.23.0 (webtiles) character file.

Game seed: 7670357108941185570

291 Infinimo the Slicer (level 6, -3/44 HPs)
             Began as a Kobold Berserker on Feb 17, 2019.
             Was a Believer of Trog.
             Slain by a slime creature (15 damage)
             ... in the Dungeon (Sprint I: "Red Sonja").
             The game lasted 00:01:13 (189 turns).

Infinimo the Slicer (Kobold Berserker)               Turns: 189, Time: 00:01:13

Health: -3/44      AC:  2    Str: 16    XL:     6   Next: 59%
Magic:  6/6        EV: 20    Int:  8    God:    Trog [**....]
Gold:   162        SH:  0    Dex: 15    Spells: 5/5 levels left

rFire    . . .     SeeInvis .   a - +0 short sword
rCold    . . .     Gourm    .   (shield restricted)
rNeg     . . .     Faith    .   b - +0 animal skin
rPois    .         Spirit   .   (no helmet)
rElec    .         Reflect  .   (no cloak)
rCorr    .         Harm     .   (no gloves)
MR       .....     NoTele   +   (no boots)
Stlth    +.........             (no amulet)
HPRegen  0.14/turn              (no ring)
MPRegen  0.10/turn              (no ring)

@: berserk cooldown, slowed, very slow
A: small, carnivore
a: Berserk, Trog's Hand, Renounce Religion


You were in the Dungeon.
You worshipped Trog.
Trog was pleased with you.
You were very full.

You visited 1 branch You collected 162 gold pieces.

Inventory:

Hand Weapons
 a - a +0 short sword (weapon)
Armour
 b - a +0 animal skin (worn)
Scrolls
 i - a scroll of blinking
Potions
 d - a potion of curing
 e - 2 potions of heal wounds
 f - a potion of haste
 g - 2 potions of magic
 h - a potion of berserk rage
Comestibles
 c - a ration


   Skills:
 + Level 7.7 Fighting
 * Level 12.1 Short Blades
 - Level 1.5 Armour
 + Level 8.0 Dodging


You had 5 spell levels left.
You didn't know any spells.
Your spell library was empty.

Dungeon Overview and Level Annotations

Branches:
Dungeon (1/1)

Altars:
Makhleb
Sif Muna
Vehumet
Wu Jian
Xom
Jiyva
Lugonu


Innate Abilities, Weirdness & Mutations

You are small and have problems with some larger weapons.
You are carnivorous and can eat meat at any time.


Message History

a +0 scythe; a +0 robe
There is an open door here.
There is an open door, spattered with blood here.
Things that are here:
a +0 giant club; an ogre skeleton
Things that are here:
a +0 leather armour; the goblin skeleton of Ijyb
There is an open door here.
Okay, then.
The slime creature is lightly wounded.
The slime creature is lightly wounded.
The slime creature hits you.
The slime creature is lightly wounded.
The slime creature is lightly wounded.
The slime creature hits you.
* * * LOW HITPOINT WARNING * * *
The slime creature is lightly wounded.
The slime creature is lightly wounded.
The slime creature hits you!
You die...

###################
#<.#..)..#..'..#__#
#.@J[.#..').#..'^.+
#..#####'#####'#__#
#..# #..# #.# ##
#..# #### #(# #..#
#_.+ #⌠⌠# ..._#
#### #_.#+# ##+


You could see a slime creature.

Vanquished Creatures
  Sigmund (D)
  An ogre (D)
  A jelly (D)
  Ijyb (D)
4 creatures vanquished.

Notes
Turn   | Place    | Note
-------+----------+-------------------------------------------
     0 | D        | Infinimo the Kobold Berserker began the quest for the Orb.
     0 | D        | Reached XP level 1. HP: 14/14 MP: 1/1
     1 | D        | Noticed Ijyb
     9 | D        | Killed Ijyb
     9 | D        | Reached skill level 6 in Short Blades
     9 | D        | Reached XP level 2. HP: 20/20 MP: 2/2
     9 | D        | Reached XP level 3. HP: 24/24 MP: 3/3
    34 | D        | Noticed an ogre
    50 | D        | Killed an ogre
    50 | D        | Reached skill level 5 in Fighting
    50 | D        | Reached skill level 9 in Short Blades
    50 | D        | Reached skill level 5 in Dodging
    50 | D        | Reached XP level 4. HP: 32/32 MP: 4/4
    50 | D        | Reached XP level 5. HP: 36/36 MP: 5/5
    95 | D        | Noticed Sigmund
   106 | D        | Killed Sigmund
   106 | D        | Reached ** piety under Trog
   106 | D        | Reached skill level 11 in Short Blades
   106 | D        | Reached XP level 6. HP: 44/44 MP: 6/6
   157 | D        | Found a deep blue altar of Sif Muna.
   158 | D        | Found an ornate altar of the Wu Jian Council.
   159 | D        | Found a radiant altar of Vehumet.
   163 | D        | Reached skill level 12 in Short Blades
   171 | D        | Found a viscous altar of Jiyva.
   171 | D        | Found a corrupted altar of Lugonu.
   171 | D        | Noticed a slime creature
   172 | D        | Found a burning altar of Makhleb.
   172 | D        | Found a shimmering altar of Xom.
   189 | D        | Slain by a slime creature

Skill      XL: |  1  2  3  4  5  6 |
---------------+-------------------+-----
Fighting       | 4 5 7 |  7.7
Short Blades   | 6 9 11 12 | 12.1
Dodging        | 4 5 7 8 |  8.0
Armour         | |  1.5

Action                   |  1- 3 |  4- 6 || total
-------------------------+-------+-------++-------
Melee: Short sword       |    12 |    17 ||    29
Invok: Berserk           |     2 |     2 ||     4
  Eat: Chunk             |     3 |     5 ||     8
Armor: Animal skin       |       |     1 ||     1
Dodge: Dodged            |     2 |     9 ||    11
